 Dungeon Crawl Stone Soup version 0.23.1 (webtiles) character file.

Game seed: 14737281619975998268

447 Fang the Skirmisher (level 7, -1/44 HPs)
             Began as a Gargoyle Berserker on Mar 19, 2019.
             Was a Priest of Trog.
             Slain by an ogre
             ... wielding a +0 giant club
              (4 damage)
             ... on level 4 of the Dungeon.
             The game lasted 00:03:46 (3997 turns).

Fang the Skirmisher (Gargoyle Berserker)            Turns: 3997, Time: 00:03:47

Health: -1/44      AC: 20    Str: 24    XL:     7   Next: 3%
Magic:  7/7        EV:  8    Int:  8    God:    Trog [***...]
Gold:   223        SH:  0    Dex:  9    Spells: 6/6 levels left

rFire    . . .     SeeInvis .   a - +0 hand axe
rCold    . . .     Gourm    .   (no shield)
rNeg     + . .     Faith    .   s - +0 plate armour
rPois    ∞         Spirit   .   (no helmet)
rElec    +         Reflect  .   (no cloak)
rCorr    .         Harm     .   (no gloves)
MR       ++...                  (no boots)
Stlth    ..........             (no amulet)
HPRegen  1.14/turn              k - +4 ring of protection
MPRegen  0.10/turn              p - +2 ring of strength

@: regenerating
A: negative energy resistance 1, electricity resistance, unbreathing,
petrification resistance, rot immunity, AC +4
a: Berserk, Trog's Hand, Renounce Religion


You were on level 4 of the Dungeon.
You worshipped Trog.
Trog was most pleased with you.
You were not hungry.

You visited 2 branches of the dungeon, and saw 5 of its levels.

You collected 223 gold pieces.

Inventory:

Hand Weapons
 a - a +0 hand axe (weapon)
Armour
 s - a +0 plate armour (worn)
Jewellery
 k - a +4 ring of protection (left hand)
 p - a +2 ring of strength (right hand)
Scrolls
 d - a scroll of enchant armour {unknown}
 h - 7 scrolls of identify {unknown}
 i - a scroll of fear {unknown}
 j - 4 scrolls of remove curse {unknown}
 m - 2 scrolls of magic mapping {unknown}
 o - a scroll of amnesia {unknown}
 r - 2 scrolls of enchant weapon {unknown}
Potions
 b - a potion of might {unknown}
 e - 2 potions of magic {unknown}
 f - a potion of curing {unknown}
 g - a potion of flight {unknown}
 l - 2 potions of ambrosia {unknown}
 q - a potion of lignification {unknown}
Comestibles
 c - 5 rations


   Skills:
 + Level 5.1 Fighting
 + Level 4.1 Axes
 + Level 4.4 Armour
 + Level 3.2 Dodging


You had 6 spell levels left.
You didn't know any spells.
Your spell library was empty.

Dungeon Overview and Level Annotations

Branches:
Dungeon (4/15)             Temple (1/1) D:4

Altars:
Sif Muna
Yredelemnul


Innate Abilities, Weirdness & Mutations

You are resistant to torment.
Your stone body is resilient. (AC +4)
You are immune to poison.
You resist negative energy. (rN+)
You are resistant to electric shocks. (rElec)
You can survive without breathing.
You are immune to petrification.
You are immune to rotting.


Message History

You are too hungry to fight recklessly!
You are too hungry to fight recklessly!
You are too hungry to fight recklessly!
You are too hungry to fight recklessly!
You are too hungry to fight recklessly!
You are too hungry to fight recklessly!
You are too hungry to fight recklessly!
You are too hungry to fight recklessly!
You're too hungry.
The iguana hisses angrily.
You hit the ogre but do no damage. The ogre hits you but does no damage.
You hit the ogre but do no damage. The ogre hits you with a +0 giant club!
* * * LOW HITPOINT WARNING * * *
You hit the ogre but do no damage. The ogre hits you with a +0 giant club!
* * * LOW HITPOINT WARNING * * *
You eat one of the 6 rations.
That ration really hit the spot!
Your skin crawls.
You feel resistant to hostile enchantments.
You feel somewhat more hungry. The ogre hits you with a +0 giant club.
You die...

...#
#+##.....##
...# #.....#
...# +.....#
...#
##.....#
...#
#....###
#### #>...#
#....#
#....######
##..@.....#
#..O.....#
#........#
#...l....#
.........#
####........
#......<.
#........


You could see an ogre and an iguana.

Vanquished Creatures
  An ogre (D:4)
  A bullfrog (D:2)
  3 orc priests
  An orc wizard (D:4)
  Robin (D:3)
  5 adders
  An ooze (D:1)
  2 worms
  2 dart slugs (D:2)
  3 leopard geckos
  9 orcs
  14 giant cockroaches
  2 gnoll zombies (D:2)
  11 goblins
  11 hobgoblins
  6 jackals
  A quokka (D:2)
  A ball python (D:1)
  9 bats
  8 frilled lizards
  7 kobolds
  7 rats
106 creatures vanquished.

Notes
Turn   | Place    | Note
-------+----------+-------------------------------------------
     0 | D:1      | Fang the Gargoyle Berserker began the quest for the Orb.
     0 | D:1      | Reached XP level 1. HP: 14/14 MP: 1/1
   107 | D:1      | Reached XP level 2. HP: 18/19 MP: 2/2
   396 | D:1      | Reached XP level 3. HP: 15/23 MP: 3/3
   453 | D:1      | Reached ** piety under Trog
  1161 | D:2      | Noticed a bullfrog
  1188 | D:2      | Killed a bullfrog
  1188 | D:2      | Reached skill level 4 in Fighting
  1188 | D:2      | Reached XP level 4. HP: 10/29 MP: 4/4
  1188 | D:2      | Reached XP level 5. HP: 12/33 MP: 5/5
  1741 | D:2      | Found a deep blue altar of Sif Muna.
  1864 | D:2      | Found a basalt altar of Yredelemnul.
  2215 | D:3      | Reached *** piety under Trog
  2439 | D:3      | Noticed Robin
  2454 | D:3      | Killed Robin
  2773 | D:3      | Reached XP level 6. HP: 39/39 MP: 6/6
  3380 | D:4      | Found a staircase to the Ecumenical Temple.
  3444 | Temple   | Entered the Ecumenical Temple
  3580 | D:4      | Reached skill level 5 in Fighting
  3897 | D:4      | Reached XP level 7. HP: 25/44 MP: 7/7
  3995 | D:4      | HP: 2/44 [ogre/+0 giant club (9)]
  3997 | D:4      | Slain by an ogre

Skill      XL: |  1  2  3  4  5  6 |
---------------+-------------------+-----
Axes           | 3 4 |  4.1
Dodging        | 2 3 |  3.2
Fighting       | 4 5 |  5.1
Armour         | 3 4 |  4.4

Action                   |  1- 3 |  4- 6 |  7- 9 || total
-------------------------+-------+-------+-------++-------
Melee: Hand axe          |   149 |   262 |     3 ||   414
Invok: Berserk           |       |     2 |       ||     2
       Trog's Hand       |       |       |     1 ||     1
 Stab: Sleeping          |     1 |       |       ||     1
  Eat: Chunk             |     1 |     9 |       ||    10
       Ration            |       |       |     1 ||     1
Armor: Animal skin       |    19 |       |       ||    19
       Chain mail        |    52 |   127 |       ||   179
       Plate armour      |       |    81 |     1 ||    82
Dodge: Dodged            |   115 |   139 |       ||   254
